[Event "Czech Youth U10 Boys 2024"]
[Site "Kouty nad Desnou"]
[Date "2024.03.12"]
[Round "5.6"]
[White "Rybar, Vojta"]
[Black "Vratny, Vojtech"]
[Result "0-1"]
[ECO "B15"]
[WhiteElo "1435"]
[BlackElo "1566"]
[Annotator "NA RC"]
[PlyCount "114"]
[EventDate "2024.03.10"]
[EventType "swiss"]
[EventCountry "CZE"]
[SourceTitle "playchess.com"]
[Source "ChessBase"]
[SourceQuality "1"]
[TimeControl "40/5400+30:1800+30"]

1. e4 c6 2. d4 d5 3. Nc3 dxe4 4. Nxe4 Nf6 5. Nxf6+ exf6 6. Nf3 Bd6 7. Bd3 O-O 8. O-O Bg4 9. Be2 Qc7 10. h3 Bh5 11. Re1 Nd7 12. c3 Bg6 13. Bd3 Bxd3 14. Qxd3 Rfe8 15. Bd2 Nb6 16. c4 Bf4 17. Bxf4 Qxf4 18. Qb3 Qc7 19. a4 Nd7 20. Re3 Rxe3 21. Qxe3 Nb6 22. Re1 h6 23. b3 a5 24. Qe7 Qxe7 25. Rxe7 Rb8 26. Nd2 Kf8 27. Rc7 Na8 28. Rd7 Ke8 29. Rd6 Rd8 30. Rxd8+ Kxd8 31. Ne4 Ke7 32. Kf1 f5 33. Ng3 g6 34. Ke2 Ke6 35. Kf3 Nc7 36. Ne2 b5 37. Nc3 b4 38. Ne2 g5 39. Kg3 Ne8 40. f4 f6 41. Nc1 Nd6 42. Nd3 Ne4+ 43. Kh2 Nd2 44. Nc5+ Ke7 45. g3 Nf3+ 46. Kg2 Nxd4 47. Kf2 gxf4 48. gxf4 Nc2 49. Nb7 Kd7 50. Nxa5 Kc7 51. c5 Na3 52. Nc4 Nxc4 53. bxc4 Kb7 54. Ke2 Ka6 55. Kd2 Ka5 56. Kc2 Kxa4 57. Kb2 b3 0-1

[Event "Czech Youth U10 Boys 2024"]
[Site "Kouty nad Desnou"]
[Date "2024.03.12"]
[Round "5.7"]
[White "Zelenka, Tomas"]
[Black "Menkov, Ivan"]
[Result "1-0"]
[ECO "C49"]
[WhiteElo "1566"]
[BlackElo "1524"]
[Annotator "NA RC"]
[PlyCount "105"]
[EventDate "2024.03.10"]
[EventType "swiss"]
[EventCountry "CZE"]
[SourceTitle "playchess.com"]
[Source "ChessBase"]
[SourceQuality "1"]
[TimeControl "40/5400+30:1800+30"]

1. e4 e5 2. Nf3 Nc6 3. Nc3 Nf6 4. Bb5 Bb4 5. O-O O-O 6. d3 d6 7. Bg5 Bxc3 8. bxc3 h6 9. Bh4 g5 10. Bg3 Nh5 11. Nxe5 Nxg3 12. Nxc6 bxc6 13. Bxc6 Nxf1 14. Bxa8 Nxh2 15. Kxh2 Qf6 16. Qd2 Qg6 17. Rh1 h5 18. Kg1 Kg7 19. Qe2 Bg4 20. f3 Bxf3 21. Qxf3 g4 22. Qf5 Qxf5 23. exf5 Rxa8 24. Rxh5 Kf6 25. Rh7 Rf8 26. Rh5 Rg8 27. Kf2 Rg5 28. Rxg5 Kxg5 29. Ke3 Kxf5 30. d4 Kg5 31. g3 d5 32. a4 a5 33. Kf2 f5 34. Ke3 c6 35. c4 f4+ 36. gxf4+ Kf5 37. cxd5 cxd5 38. c3 g3 39. Kf3 g2 40. Kxg2 Kxf4 41. Kf2 Ke4 42. Ke2 Kf4 43. Kd3 Kf5 44. c4 dxc4+ 45. Kxc4 Ke6 46. Kb5 Kd5 47. Kxa5 Kc6 48. d5+ Kc7 49. Ka6 Kb8 50. d6 Kc8 51. d7+ Kc7 52. d8=Q+ Kxd8 53. Kb7 1-0

[Event "Czech Youth U10 Boys 2024"]
[Site "Kouty nad Desnou"]
[Date "2024.03.12"]
[Round "5.9"]
[White "Krivka, Lukas"]
[Black "Cerny, Ren"]
[Result "1-0"]
[ECO "A45"]
[WhiteElo "1567"]
[BlackElo "1623"]
[Annotator "NA RC"]
[PlyCount "95"]
[EventDate "2024.03.10"]
[EventType "swiss"]
[EventCountry "CZE"]
[SourceTitle "playchess.com"]
[Source "ChessBase"]
[SourceQuality "1"]
[TimeControl "40/5400+30:1800+30"]

1. d4 Nf6 2. Nc3 d5 3. Bf4 a6 4. e3 e6 5. a3 c5 6. h3 Nc6 7. Nf3 b5 8. Bxb5 axb5 9. Nxb5 Kd7 10. Bc7 Qe8 11. Ne5+ Nxe5 12. Bxe5 Qd8 13. Bc7 Qe8 14. dxc5 Bxc5 15. b4 Bf8 16. Be5 Qd8 17. Qd4 Rg8 18. Nc7 Ra4 19. Nb5 Ne4 20. f3 Nd6 21. Bxd6 Bxd6 22. Nxd6 Kxd6 23. Qc5+ Kd7 24. Qb5+ Ke7 25. Qxa4 Qb6 26. Qb3 Ba6 27. Kf2 Rc8 28. Rhc1 Rc4 29. c3 Rf4 30. b5 Rc4 31. a4 f5 32. Qa3+ Kf7 33. bxa6 Qxa6 34. Qa2 Qa7 35. a5 f4 36. Qd2 Kf6 37. Ke2 g5 38. exf4 gxf4 39. Rcb1 Qg7 40. Kd1 Qa7 41. Ke2 Qg7 42. Rg1 Qc7 43. Rgc1 Qg7 44. Kf1 Qa7 45. Qf2 Qa6 46. Qb6 Rc6+ 47. Qxa6 Rxa6 48. c4 1-0

[Event "Czech Youth U10 Boys 2024"]
[Site "Kouty nad Desnou"]
[Date "2024.03.12"]
[Round "5.11"]
[White "Hroch, Pavel"]
[Black "Kobersky, Matyas"]
[Result "0-1"]
[ECO "B90"]
[WhiteElo "1495"]
[BlackElo "1405"]
[Annotator "NA RC"]
[PlyCount "53"]
[EventDate "2024.03.10"]
[EventType "swiss"]
[EventCountry "CZE"]
[SourceTitle "playchess.com"]
[Source "ChessBase"]
[SourceQuality "1"]
[TimeControl "40/5400+30:1800+30"]

1. e4 c5 2. Nf3 d6 3. d4 cxd4 4. Nxd4 Nf6 5. Nc3 a6 6. f3 e5 7. Nb3 Nc6 8. Be3 Be6 9. Qd2 Be7 10. O-O-O Qc7 11. Kb1 O-O 12. g4 b5 13. Bd3 d5 14. h4 d4 15. Bh6 dxc3 16. Qg5 Ne8 17. Qe3 gxh6 18. Qxh6 Bxb3 19. cxb3 Qd6 20. Qxd6 Bxd6 21. bxc3 Nf6 22. g5 Nh5 23. Rhg1 Nf4 24. Bf1 Bc5 25. Rh1 Rad8 26. Rxd8 Rxd8 27. b4 0-1

[Event "Czech Youth U10 Boys 2024"]
[Site "Kouty nad Desnou"]
[Date "2024.03.13"]
[Round "6.1"]
[White "Vydra, David"]
[Black "Bartak, Tobias"]
[Result "1/2-1/2"]
[ECO "B01"]
[WhiteElo "1583"]
[BlackElo "1545"]
[Annotator "NA"]
[PlyCount "137"]
[EventDate "2024.03.10"]
[EventType "swiss"]
[EventCountry "CZE"]
[SourceTitle "playchess.com"]
[Source "ChessBase"]
[SourceQuality "1"]
[TimeControl "40/5400+30:1800+30"]

1. e4 d5 2. exd5 Qxd5 3. Nc3 Qa5 4. Bc4 Nf6 5. Nf3 c6 6. O-O Bf5 7. d4 e6 8. Qe2 Be7 9. Nh4 Nbd7 10. Nxf5 Qxf5 11. Bd3 Qh5 12. Qxh5 Nxh5 13. a4 a5 14. f4 O-O 15. f5 e5 16. dxe5 Nxe5 17. Be2 Nf6 18. Bf4 Ned7 19. Kh1 Nb6 20. Bf3 Nfd5 21. Nxd5 Nxd5 22. Bxd5 cxd5 23. Rad1 Rfd8 24. Be5 Rac8 25. c3 f6 26. Bd4 Bc5 27. h3 Bxd4 28. Rxd4 Rc4 29. Rfd1 Rxd4 30. Rxd4 Kf7 31. c4 Ke7 32. cxd5 Kd6 33. Rg4 Rd7 34. Kh2 Ke5 35. Rc4 Kxf5 36. Rc5 Ke5 37. Rxa5 Rxd5 38. Ra7 Rd7 39. Kg3 Rd3+ 40. Kh2 Rb3 41. Ra8 Kf5 42. Ra5+ Ke4 43. Ra8 Kf5 44. Ra5+ Kg6 45. Ra7 Rxb2 46. a5 Ra2 47. Rxb7 Rxa5 48. Kg3 h5 49. h4 Kh6 50. Kh2 Ra4 51. g3 Ra6 52. Rb8 g6 53. Rh8+ Kg7 54. Rb8 g5 55. hxg5 fxg5 56. Rb5 Kg6 57. Kh3 Kf6 58. Rb8 g4+ 59. Kh4 Ra3 60. Rb6+ Kf5 61. Rb5+ Kg6 62. Rg5+ Kh6 63. Rxh5+ Kg6 64. Rg5+ Kf6 65. Rxg4 Ra5 66. Rf4+ Kg6 67. g4 Rb5 68. Ra4 Rb6 69. Ra5 1/2-1/2

[Event "Czech Youth U10 Boys 2024"]
[Site "Kouty nad Desnou"]
[Date "2024.03.13"]
[Round "6.2"]
[White "Trejbal, Jindrich"]
[Black "Vo, Daniel"]
[Result "0-1"]
[ECO "B22"]
[WhiteElo "1947"]
[BlackElo "1629"]
[Annotator "RC"]
[PlyCount "94"]
[EventDate "2024.03.10"]
[EventType "swiss"]
[EventCountry "CZE"]
[SourceTitle "playchess.com"]
[Source "ChessBase"]
[SourceQuality "1"]
[TimeControl "40/5400+30:1800+30"]

1. e4 c5 2. c3 Nf6 3. e5 Nd5 4. d4 cxd4 5. cxd4 e6 6. Nf3 Nc6 7. Bc4 Nb6 8. Bd3 d6 9. O-O dxe5 10. dxe5 Be7 11. Nc3 O-O 12. Be3 Qc7 13. Nb5 Qb8 14. Bxb6 axb6 15. Re1 f6 16. exf6 Bxf6 17. Qc2 h6 18. a3 e5 19. Bc4+ Kh8 20. Rad1 Bg4 21. Nd6 Qc7 22. Qg6 Bxf3 23. gxf3 Ne7 24. Nf7+ Rxf7 25. Qxf7 Qc5 26. Re2 Nf5 27. Red2 Nd4 28. Kg2 Rd8 29. Ba2 Qc6 30. Qh5 Rf8 31. Rd3 e4 32. Rxd4 exf3+ 33. Kh3 Bxd4 34. Rxd4 Qc1 35. Qg4 Qf1+ 36. Kg3 Qg2+ 37. Kh4 Qxh2+ 38. Qh3 Qxf2+ 39. Kg4 Qxd4+ 40. Kg3 f2 41. Qf1 Qe3+ 42. Kg2 Rf3 43. Be6 Rg3+ 44. Kh2 Qf4 45. Qc4 f1=N+ 46. Qxf1 Qxf1 47. Kxg3 Qe1+ 0-1

[Event "Czech Youth U10 Boys 2024"]
[Site "Kouty nad Desnou"]
[Date "2024.03.13"]
[Round "6.3"]
[White "Bucek, Vit"]
[Black "Zelenka, Tomas"]
[Result "1-0"]
[ECO "B01"]
[WhiteElo "1603"]
[BlackElo "1566"]
[Annotator "NA RC"]
[PlyCount "41"]
[EventDate "2024.03.10"]
[EventType "swiss"]
[EventCountry "CZE"]
[SourceTitle "playchess.com"]
[Source "ChessBase"]
[SourceQuality "1"]
[TimeControl "40/5400+30:1800+30"]

1. e4 d5 2. exd5 Qxd5 3. Nc3 Qa5 4. d4 c6 5. Bd2 Nf6 6. Bc4 Qc7 7. Qe2 Bg4 8. f3 Bf5 9. O-O-O e6 10. Kb1 Bd6 11. g4 Bg6 12. h4 h5 13. g5 Nd5 14. Rc1 Nxc3+ 15. Bxc3 Bf5 16. d5 e5 17. f4 Nd7 18. fxe5 Nxe5 19. dxc6 bxc6 20. Nf3 Bg4 21. Bxe5 1-0

[Event "Czech Youth U10 Boys 2024"]
[Site "Kouty nad Desnou"]
[Date "2024.03.13"]
[Round "6.4"]
[White "Vratny, Vojtech"]
[Black "Lutskiy, Mikhail"]
[Result "0-1"]
[ECO "D10"]
[WhiteElo "1566"]
[BlackElo "1676"]
[Annotator "NA RC"]
[PlyCount "76"]
[EventDate "2024.03.10"]
[EventType "swiss"]
[EventCountry "CZE"]
[SourceTitle "playchess.com"]
[Source "ChessBase"]
[SourceQuality "1"]
[TimeControl "40/5400+30:1800+30"]

1. d4 d5 2. c4 c6 3. cxd5 cxd5 4. Bf4 Nc6 5. Nc3 Nf6 6. e3 a6 7. Bd3 e6 8. Nf3 Be7 9. O-O O-O 10. Rc1 Bd7 11. a3 Rc8 12. b4 b5 13. h3 h6 14. Qb3 Nh5 15. Bh2 f5 16. Ne5 Nxe5 17. dxe5 g5 18. Be2 Ng7 19. Rfd1 Qe8 20. Bf3 Qg6 21. Rd4 Rc4 22. Rcd1 Bc6 23. Qc2 Rc8 24. Rxc4 dxc4 25. Bxc6 Rxc6 26. Rd4 Rc8 27. Bg3 Rd8 28. Rxd8+ Bxd8 29. Qd2 Qe8 30. Qd4 Qe7 31. Bh2 Bc7 32. Kh1 Qd8 33. Qxd8+ Bxd8 34. e4 f4 35. g3 Nh5 36. gxf4 Nxf4 37. h4 Bc7 38. hxg5 hxg5 0-1

[Event "Czech Youth U10 Boys 2024"]
[Site "Kouty nad Desnou"]
[Date "2024.03.13"]
[Round "6.6"]
[White "Skoloud, Josef"]
[Black "Fadrny, Jonas"]
[Result "1-0"]
[ECO "C01"]
[WhiteElo "1564"]
[BlackElo "1600"]
[Annotator "NA RC"]
[PlyCount "73"]
[EventDate "2024.03.10"]
[EventType "swiss"]
[EventCountry "CZE"]
[SourceTitle "playchess.com"]
[Source "ChessBase"]
[SourceQuality "1"]
[TimeControl "40/5400+30:1800+30"]

1. e4 e6 2. d4 d5 3. exd5 exd5 4. c4 c6 5. Nc3 Bb4 6. Nf3 Bxc3+ 7. bxc3 Nf6 8. Bd3 dxc4 9. Bxc4 O-O 10. O-O Re8 11. Qb3 Nd5 12. Bg5 Qd6 13. Rfe1 Be6 14. Bxd5 cxd5 15. Qxb7 Qc6 16. Qb2 f6 17. Bf4 Nd7 18. h3 Nb6 19. Qc2 Nc4 20. Nd2 Nxd2 21. Qxd2 Qc4 22. Re3 Bf5 23. Rae1 Re4 24. Rxe4 Bxe4 25. Bd6 Rd8 26. Bc5 a6 27. a3 Re8 28. f3 Bg6 29. Rxe8+ Bxe8 30. Qe1 Qb5 31. Qe6+ Bf7 32. Qd6 Qe8 33. Bb4 Qe3+ 34. Kh2 Qe8 35. Qxa6 Qb8+ 36. Qd6 Qc8 37. a4 1-0

[Event "Czech Youth U10 Boys 2024"]
[Site "Kouty nad Desnou"]
[Date "2024.03.13"]
[Round "6.7"]
[White "Bukovskij, Dmitri"]
[Black "Krivka, Lukas"]
[Result "1-0"]
[ECO "D35"]
[WhiteElo "1665"]
[BlackElo "1567"]
[Annotator "NA RC"]
[PlyCount "119"]
[EventDate "2024.03.10"]
[EventType "swiss"]
[EventCountry "CZE"]
[SourceTitle "playchess.com"]
[Source "ChessBase"]
[SourceQuality "1"]
[TimeControl "40/5400+30:1800+30"]

1. d4 Nf6 2. c4 e6 3. Nc3 d5 4. cxd5 exd5 5. Bg5 Be7 6. e3 c6 7. Bd3 O-O 8. Qc2 h6 9. Bh4 Ne8 10. Bxe7 Qxe7 11. Nf3 Nd6 12. O-O Nd7 13. b4 Nb6 14. b5 Nbc4 15. bxc6 bxc6 16. Nd2 Nxd2 17. Qxd2 Bf5 18. Bxf5 Nxf5 19. Qc2 Nd6 20. Rfe1 Rfe8 21. Qa4 Rec8 22. Rab1 Ne4 23. Nxe4 dxe4 24. Rec1 Qd6 25. Rb7 a5 26. Rb6 Rab8 27. Rxb8 Qxb8 28. g3 Qb4 29. Qxb4 axb4 30. Rc4 Ra8 31. Rxb4 Rxa2 32. Rb8+ Kh7 33. Rb7 Ra1+ 34. Kg2 f5 35. h3 Ra5 36. Rc7 Ra6 37. g4 Ra5 38. Rxc6 fxg4 39. hxg4 Rg5 40. Kh3 Ra5 41. Rc5 Ra2 42. Kg3 Ra1 43. Kg2 Ra6 44. Re5 Rg6 45. Rxe4 h5 46. Kh3 hxg4+ 47. Rxg4 Rd6 48. Kg3 Rf6 49. Rf4 Re6 50. Kf3 g6 51. e4 Kg7 52. e5 g5 53. Rf5 Kg6 54. Rf6+ Rxf6+ 55. exf6 Kxf6 56. Kg4 Kg6 57. d5 Kf6 58. d6 Ke6 59. Kxg5 Kxd6 60. Kf6 1-0

[Event "Czech Youth U10 Boys 2024"]
[Site "Kouty nad Desnou"]
[Date "2024.03.13"]
[Round "6.8"]
[White "Hlavacek, Pavel"]
[Black "Rybar, Vojta"]
[Result "1-0"]
[ECO "E81"]
[WhiteElo "1945"]
[BlackElo "1435"]
[Annotator "RC"]
[PlyCount "67"]
[EventDate "2024.03.10"]
[EventType "swiss"]
[EventCountry "CZE"]
[SourceTitle "playchess.com"]
[Source "ChessBase"]
[SourceQuality "1"]
[TimeControl "40/5400+30:1800+30"]

1. d4 Nf6 2. c4 g6 3. Nc3 Bg7 4. e4 d6 5. f3 O-O 6. Be3 Nbd7 7. Qd2 Re8 8. g4 e5 9. d5 Qe7 10. O-O-O Nb6 11. h4 h5 12. Bh3 hxg4 13. fxg4 Nxg4 14. Bxg4 Bxg4 15. Bxb6 Bxd1 16. Nxd1 axb6 17. Kb1 Qd7 18. h5 Qg4 19. Nf2 Qf4 20. Qe2 Bh6 21. Ngh3 Qd2 22. Qg4 Bg7 23. hxg6 fxg6 24. Qxg6 Qh6 25. Qg2 Qf6 26. Rf1 Rf8 27. Rg1 Kf7 28. Ng5+ Ke7 29. Nh7 Qxf2 30. Qxg7+ Rf7 31. Qg5+ Kd7 32. Qg4+ Ke7 33. Qe6+ Kd8 34. Rg8+ 1-0

[Event "Czech Youth U10 Boys 2024"]
[Site "Kouty nad Desnou"]
[Date "2024.03.13"]
[Round "6.9"]
[White "Menkov, Ivan"]
[Black "Kobersky, Matyas"]
[Result "1-0"]
[ECO "B19"]
[WhiteElo "1524"]
[BlackElo "1405"]
[Annotator "NA RC"]
[PlyCount "49"]
[EventDate "2024.03.10"]
[EventType "swiss"]
[EventCountry "CZE"]
[SourceTitle "playchess.com"]
[Source "ChessBase"]
[SourceQuality "1"]
[TimeControl "40/5400+30:1800+30"]

1. e4 c6 2. d4 d5 3. Nc3 dxe4 4. Nxe4 Bf5 5. Ng3 Bg6 6. h4 h6 7. Nf3 Nd7 8. h5 Bh7 9. Bd3 Bxd3 10. Qxd3 Ngf6 11. Bd2 e6 12. O-O-O Qc7 13. Kb1 O-O-O 14. Ne4 Be7 15. g3 Ng4 16. Bf4 Qb6 17. Nfd2 f5 18. Nc4 Qa6 19. Ned6+ Bxd6 20. Nxd6+ Kb8 21. Qf3 e5 22. dxe5 Ngxe5 23. Nf7 Qb5 24. Nxh8 Ka8 25. Bxe5 1-0

[Event "Czech Youth U10 Boys 2024"]
[Site "Kouty nad Desnou"]
[Date "2024.03.14"]
[Round "7.1"]
[White "Vo, Daniel"]
[Black "Bucek, Vit"]
[Result "0-1"]
[ECO "B45"]
[WhiteElo "1629"]
[BlackElo "1603"]
[Annotator "NA RC"]
[PlyCount "120"]
[EventDate "2024.03.10"]
[EventType "swiss"]
[EventCountry "CZE"]
[SourceTitle "playchess.com"]
[Source "ChessBase"]
[SourceQuality "1"]
[TimeControl "40/5400+30:1800+30"]

1. e4 c5 2. Nf3 Nc6 3. d4 cxd4 4. Nxd4 Nf6 5. Nc3 e6 6. Ndb5 Bb4 7. Nd6+ Ke7 8. Nxc8+ Rxc8 9. Bd3 Bxc3+ 10. bxc3 Re8 11. Ba3+ d6 12. O-O Kf8 13. Kh1 Kg8 14. f4 Qc7 15. Qe1 Na5 16. Bb4 Nc4 17. Rb1 d5 18. e5 Ne4 19. Bxe4 dxe4 20. Bd6 Nxd6 21. exd6 Qxd6 22. Qxe4 b6 23. Qa4 Qd2 24. Rf3 Red8 25. h3 Rxc3 26. Rxc3 Qxc3 27. Qxa7 Qxc2 28. Qxb6 Rc8 29. a3 h6 30. Qb4 Qe2 31. a4 Rc2 32. Rg1 Qc4 33. Qb8+ Kh7 34. a5 Ra2 35. Qb1+ g6 36. Rc1 Qe2 37. Qb7 Kg7 38. Qc6 Qd2 39. Qc3+ Qxc3 40. Rxc3 Rxa5 41. Kh2 Kf6 42. g4 Rd5 43. Kg3 e5 44. Rc6+ Kg7 45. fxe5 Rxe5 46. Kf4 Re6 47. Rxe6 fxe6 48. Ke5 Kf7 49. h4 h5 50. gxh5 gxh5 51. Kf4 Kf6 52. Ke4 e5 53. Ke3 Kf5 54. Kf3 e4+ 55. Ke3 Ke5 56. Ke2 Kf4 57. Kf2 e3+ 58. Ke2 Ke4 59. Ke1 Kf3 60. Kf1 Kg3 0-1

[Event "Czech Youth U10 Boys 2024"]
[Site "Kouty nad Desnou"]
[Date "2024.03.14"]
[Round "7.2"]
[White "Lutskiy, Mikhail"]
[Black "Vydra, David"]
[Result "1/2-1/2"]
[ECO "B51"]
[WhiteElo "1676"]
[BlackElo "1583"]
[Annotator "NA RC"]
[PlyCount "107"]
[EventDate "2024.03.10"]
[EventType "swiss"]
[EventCountry "CZE"]
[SourceTitle "playchess.com"]
[Source "ChessBase"]
[SourceQuality "1"]
[TimeControl "40/5400+30:1800+30"]

1. e4 c5 2. Nf3 d6 3. Bb5+ Nd7 4. O-O a6 5. Bd3 Ngf6 6. c3 e6 7. Re1 Be7 8. Bc2 O-O 9. d4 cxd4 10. cxd4 b5 11. Bf4 Bb7 12. a3 Rc8 13. Nc3 Nb6 14. Nd2 Qc7 15. Bg3 Rfd8 16. Rc1 Qd7 17. Qe2 Qe8 18. f4 a5 19. Qxb5 Qxb5 20. Nxb5 Ba6 21. Nc3 Rd7 22. Bb3 Nh5 23. Kf2 Bf6 24. Nf3 Rb7 25. Ba2 Nc4 26. Bxc4 Rxc4 27. Rc2 Bxd4+ 28. Nxd4 Rxd4 29. Ne2 Rc4 30. Rxc4 Bxc4 31. Rc1 d5 32. exd5 exd5 33. Rc2 h6 34. Nd4 a4 35. Kf3 Nxg3 36. Kxg3 Re7 37. Kf3 g6 38. Nc6 Re1 39. Ne5 Bb3 40. Rd2 Kg7 41. Nd3 Re8 42. Nc5 Rb8 43. g3 Rb5 44. Nxb3 Rxb3+ 45. Kg4 Kf6 46. Rxd5 Rxb2 47. Ra5 Rxh2 48. Rxa4 h5+ 49. Kf3 h4 50. gxh4 Rxh4 51. Ra7 Rh1 52. a4 Rf1+ 53. Ke3 Re1+ 54. Kf3 1/2-1/2

[Event "Czech Youth U10 Boys 2024"]
[Site "Kouty nad Desnou"]
[Date "2024.03.14"]
[Round "7.3"]
[White "Bartak, Tobias"]
[Black "Trejbal, Jindrich"]
[Result "0-1"]
[ECO "A40"]
[WhiteElo "1545"]
[BlackElo "1947"]
[Annotator "RC"]
[PlyCount "54"]
[EventDate "2024.03.10"]
[EventType "swiss"]
[EventCountry "CZE"]
[SourceTitle "playchess.com"]
[Source "ChessBase"]
[SourceQuality "1"]
[TimeControl "40/5400+30:1800+30"]

1. d4 g6 2. Nf3 Bg7 3. g3 e6 4. Bg2 Ne7 5. O-O O-O 6. c4 b6 7. Nc3 Bb7 8. e3 d6 9. Qc2 Nd7 10. Bd2 c5 11. Rfd1 a6 12. a4 Qc7 13. b3 Nf6 14. Be1 Rad8 15. Qa2 Nc6 16. d5 exd5 17. Nxd5 Nxd5 18. cxd5 Nb4 19. Bxb4 Bxa1 20. Qxa1 cxb4 21. Rc1 Qe7 22. Qd4 Rc8 23. Rd1 Rc5 24. Ne1 Rfc8 25. Nd3 Rc3 26. Qxb4 Qd7 27. Qxb6 Rxd3 0-1

[Event "Czech Youth U10 Boys 2024"]
[Site "Kouty nad Desnou"]
[Date "2024.03.14"]
[Round "7.4"]
[White "Strihavka, Petr"]
[Black "Skoloud, Josef"]
[Result "1/2-1/2"]
[ECO "C48"]
[WhiteElo "1447"]
[BlackElo "1564"]
[Annotator "NA RC"]
[PlyCount "108"]
[EventDate "2024.03.10"]
[EventType "swiss"]
[EventCountry "CZE"]
[SourceTitle "playchess.com"]
[Source "ChessBase"]
[SourceQuality "1"]
[TimeControl "40/5400+30:1800+30"]

1. e4 e5 2. Nf3 Nc6 3. Nc3 Nf6 4. Bb5 d6 5. d4 exd4 6. Nxd4 Bd7 7. Nxc6 Bxc6 8. Bxc6+ bxc6 9. O-O Be7 10. Qf3 O-O 11. Rd1 Qc8 12. Bg5 Rb8 13. Rab1 Re8 14. h3 Nd7 15. Bxe7 Rxe7 16. Rd4 Qe8 17. Ra4 Rb7 18. b3 Nc5 19. Rc4 Nd7 20. Qf4 Nf6 21. f3 d5 22. Ra4 dxe4 23. Nxe4 Nxe4 24. Rxe4 Rxe4 25. Qxe4 Qxe4 26. fxe4 Rb4 27. Re1 Rd4 28. Kf2 Kf8 29. Ke3 Rd6 30. Re2 Ke7 31. Rd2 Ke6 32. Rxd6+ cxd6 33. c4 Ke5 34. g4 d5 35. exd5 cxd5 36. c5 d4+ 37. Kd3 Kd5 38. b4 a6 39. a4 f6 40. c6 Kxc6 41. Kxd4 g6 42. Ke4 Kd6 43. Kf4 Kd5 44. b5 axb5 45. axb5 Kc5 46. Ke4 Kxb5 47. Kd5 f5 48. Ke5 Kc5 49. gxf5 gxf5 50. Kxf5 Kd5 51. Kf6 Kd6 52. h4 h5 53. Kg7 Ke6 54. Kg6 Ke7 1/2-1/2

[Event "Czech Youth U10 Boys 2024"]
[Site "Kouty nad Desnou"]
[Date "2024.03.14"]
[Round "7.5"]
[White "Vratny, Vojtech"]
[Black "Bukovskij, Dmitri"]
[Result "0-1"]
[ECO "E06"]
[WhiteElo "1566"]
[BlackElo "1665"]
[Annotator "NA RC"]
[PlyCount "58"]
[EventDate "2024.03.10"]
[EventType "swiss"]
[EventCountry "CZE"]
[SourceTitle "playchess.com"]
[Source "ChessBase"]
[SourceQuality "1"]
[TimeControl "40/5400+30:1800+30"]

1. d4 d5 2. c4 e6 3. Nf3 Nf6 4. g3 Be7 5. Bg2 O-O 6. O-O dxc4 7. Ne5 Nd5 8. Nxc4 b5 9. Ne3 Bb7 10. Nxd5 Bxd5 11. e4 Bb7 12. Be3 Nd7 13. Nd2 c5 14. Nb3 c4 15. Nd2 e5 16. d5 Bc5 17. Bxc5 Nxc5 18. Qc2 Nd3 19. b3 Rc8 20. bxc4 bxc4 21. Rfb1 Ba6 22. Bf1 Qd6 23. Nf3 Rb8 24. Ne1 Qa3 25. Qe2 Rxb1 26. Rxb1 f5 27. f3 fxe4 28. Qxe4 Qc5+ 29. Kg2 Qf2+ 0-1

[Event "Czech Youth U10 Boys 2024"]
[Site "Kouty nad Desnou"]
[Date "2024.03.14"]
[Round "7.6"]
[White "Zelenka, Tomas"]
[Black "Hlavacek, Pavel"]
[Result "1-0"]
[ECO "B13"]
[WhiteElo "1566"]
[BlackElo "1945"]
[Annotator "RC"]
[PlyCount "61"]
[EventDate "2024.03.10"]
[EventType "swiss"]
[EventCountry "CZE"]
[SourceTitle "playchess.com"]
[Source "ChessBase"]
[SourceQuality "1"]
[TimeControl "40/5400+30:1800+30"]

1. e4 c6 2. d4 d5 3. exd5 cxd5 4. c3 Qc7 5. Bd3 Nc6 6. h3 Nf6 7. Nf3 g6 8. O-O Bf5 9. Bxf5 gxf5 10. Re1 O-O-O 11. Nbd2 e6 12. Nf1 Bd6 13. Bg5 Be7 14. Ne5 Rhg8 15. Bf4 Bd6 16. Rc1 Rdf8 17. c4 Nd7 18. Bh6 Re8 19. Nxf7 Nf6 20. Ne5 Bxe5 21. dxe5 Rg6 22. exf6 Reg8 23. Ne3 d4 24. Bg7 dxe3 25. Rxe3 f4 26. Rxe6 Nd8 27. Re7 Qc6 28. Qd5 Qxd5 29. cxd5+ Kb8 30. Rec7 b6 31. b4 1-0

[Event "Czech Youth U10 Boys 2024"]
[Site "Kouty nad Desnou"]
[Date "2024.03.14"]
[Round "7.8"]
[White "Cerny, Ren"]
[Black "Fadrny, Jonas"]
[Result "1-0"]
[ECO "C01"]
[WhiteElo "1623"]
[BlackElo "1600"]
[Annotator "NA RC"]
[PlyCount "51"]
[EventDate "2024.03.10"]
[EventType "swiss"]
[EventCountry "CZE"]
[SourceTitle "playchess.com"]
[Source "ChessBase"]
[SourceQuality "1"]
[TimeControl "40/5400+30:1800+30"]

1. e4 e6 2. d4 d5 3. exd5 exd5 4. Bd3 Bd6 5. Nf3 Nc6 6. O-O Nge7 7. h3 Be6 8. Re1 Qd7 9. Be3 O-O-O 10. c3 Rdg8 11. Nbd2 f5 12. Ng5 Nd8 13. Nxe6 Nxe6 14. Nf3 f4 15. Bd2 g5 16. Ne5 Bxe5 17. Rxe5 Nc6 18. Re1 h6 19. Bf5 Ncd8 20. Re5 Kb8 21. Qb3 c6 22. Rae1 Re8 23. Qb4 Qe7 24. Qxe7 Rxe7 25. Bxe6 Nxe6 26. Rxe6 1-0

[Event "Czech Youth U10 Boys 2024"]
[Site "Kouty nad Desnou"]
[Date "2024.03.14"]
[Round "7.9"]
[White "Krivka, Lukas"]
[Black "Hroch, Pavel"]
[Result "1-0"]
[ECO "D10"]
[WhiteElo "1567"]
[BlackElo "1495"]
[Annotator "NA RC"]
[PlyCount "45"]
[EventDate "2024.03.10"]
[EventType "swiss"]
[EventCountry "CZE"]
[SourceTitle "playchess.com"]
[Source "ChessBase"]
[SourceQuality "1"]
[TimeControl "40/5400+30:1800+30"]

1. d4 d5 2. Nf3 Nf6 3. c4 c6 4. cxd5 cxd5 5. Nc3 Bf5 6. Bf4 Qd7 7. Ne5 Qd8 8. e3 a6 9. Bd3 Bxd3 10. Nxd3 e6 11. O-O Bd6 12. Bxd6 Qxd6 13. h3 O-O 14. Re1 Nbd7 15. Rb1 Rfe8 16. b4 Rac8 17. Nc5 Nxc5 18. bxc5 Qc7 19. Qb3 e5 20. Nxd5 Nxd5 21. Qxd5 exd4 22. Rxb7 Red8 23. Rxc7 1-0

[Event "Czech Youth U10 Boys 2024"]
[Site "Kouty nad Desnou"]
[Date "2024.03.14"]
[Round "7.10"]
[White "Rybar, Vojta"]
[Black "Dlouhy, Martin"]
[Result "0-1"]
[ECO "B45"]
[WhiteElo "1435"]
[BlackElo "1965"]
[Annotator "RC"]
[PlyCount "76"]
[EventDate "2024.03.10"]
[EventType "swiss"]
[EventCountry "CZE"]
[SourceTitle "playchess.com"]
[Source "ChessBase"]
[SourceQuality "1"]
[TimeControl "40/5400+30:1800+30"]

1. e4 c5 2. Nc3 e6 3. Nf3 Nc6 4. d4 cxd4 5. Nxd4 Be7 6. Be3 Nf6 7. Bc4 a6 8. a3 b5 9. Ba2 Bb7 10. O-O O-O 11. f4 Bc5 12. Kh1 Nxd4 13. Bxd4 d6 14. e5 Bxd4 15. Qxd4 dxe5 16. Qxe5 Qd2 17. Qe2 Qxe2 18. Nxe2 Rfd8 19. Rad1 g6 20. Rd4 Nd5 21. Rfd1 Rd7 22. Bxd5 Rxd5 23. Nc3 Rxd4 24. Rxd4 Rc8 25. Rd7 Bd5 26. Nxd5 exd5 27. c3 Re8 28. h3 Re2 29. Rxd5 Rxb2 30. Rd6 a5 31. Ra6 a4 32. Rb6 Rb3 33. Kh2 Kg7 34. g4 Rxc3 35. Rxb5 Rxa3 36. Rb2 Rb3 37. Ra2 a3 38. Kg1 Rb1+ 0-1

[Event "Czech Youth U10 Boys 2024"]
[Site "Kouty nad Desnou"]
[Date "2024.03.16"]
[Round "9.1"]
[White "Bukovskij, Dmitri"]
[Black "Bucek, Vit"]
[Result "0-1"]
[ECO "D35"]
[WhiteElo "1665"]
[BlackElo "1603"]
[Annotator "NA RC"]
[PlyCount "72"]
[EventDate "2024.03.10"]
[EventType "swiss"]
[EventCountry "CZE"]
[SourceTitle "playchess.com"]
[Source "ChessBase"]
[SourceQuality "1"]
[TimeControl "40/5400+30:1800+30"]

1. d4 Nf6 2. c4 e6 3. Nc3 d5 4. cxd5 exd5 5. Bg5 c6 6. e3 Bd6 7. Bd3 O-O 8. Qc2 h6 9. Bh4 Re8 10. Nf3 Be6 11. O-O Nbd7 12. Rab1 a5 13. a3 Qb8 14. Bg3 Bxg3 15. hxg3 b5 16. b4 axb4 17. axb4 Nb6 18. Ne5 Qd6 19. Rfc1 Nc4 20. Bxc4 dxc4 21. Qb2 Nd5 22. Ne4 Qc7 23. Ra1 f6 24. Nf3 Qe7 25. Rxa8 Rxa8 26. Nc5 c3 27. Qb3 Bf7 28. e4 Nf4 29. Qc2 Ra2 30. gxf4 Rxc2 31. Rxc2 Qa7 32. Kh2 Qa3 33. Nd3 Bc4 34. Nfe1 Bxd3 35. Nxd3 Qb3 36. Re2 Qd1 0-1